 Dungeon Crawl Stone Soup version 0.28.0-45-g0d030f2227 (webtiles) character file.

Game seed: 3291259187970554827

1157 101zpm the Magician (level 8, -4/52 HPs)
             Began as a Djinni Ice Elementalist on Apr 13, 2022.
             Slain by a gnoll
             ... wielding a +0 club
              (6 damage)
             ... on level 7 of the Dungeon.
             The game lasted 00:29:45 (9748 turns).

101zpm the Magician (Djinni Ice Elementalist)       Turns: 9748, Time: 00:29:46

Health: -4/52      AC:  6    Str:  7    XL:     8   Next: 66%
Gold:   111        EV:  6    Int: 19    God:
                   SH:  0    Dex: 14

rFire   + + .      SeeInvis .   x - +2 dagger (venom)
rCold   . . .      Faith    .   (no shield)
rNeg    . . .      Spirit   .   E - +2 leather armour {rC+}
rPois   ∞          Reflect  .   (no helmet)
rElec   .          Harm     .   (no cloak)
rCorr   .          Rampage  .   u - +0 pair of gloves
Will    .....                   (boots unavailable)
Stlth   ++........              (no amulet)
HPRegen 0.17/turn               (no ring)
MPRegen 0.00/turn               (no ring)

@: about to teleport, flying, held
A: sickness immunity, fire resistance 2, cold vulnerability 1, float, innate
caster, HP casting, extra vitality 1
a: no special abilities


You were on level 7 of the Dungeon.
You visited 1 branch of the dungeon, and saw 7 of its levels.

You collected 225 gold pieces.
You spent 114 gold pieces at shops.

Inventory:

Hand Weapons
 j - a +1 dagger of electrocution
 l - a +1 dagger of venom
 x - a +2 dagger of venom (weapon)
 y - a +1 arbalest of freezing
 F - a +0 shortbow
 G - a +0 flail
 H - a +0 trident
Missiles
 e - 96 stones
 f - 31 bolts
 m - 36 sling bullets
 r - a throwing net
 z - 6 poisoned darts
 A - 61 arrows
Armour
 a - a +0 robe
 u - a +0 pair of gloves (worn)
 w - a +2 leather armour of fire resistance
 E - a +2 leather armour of cold resistance (worn)
Jewellery
 c - a ring of protection from fire
Wands
 D - a wand of iceblast (11)
Scrolls
 g - 2 scrolls of amnesia {unknown}
 n - a scroll of enchant armour {unknown}
 o - 2 scrolls of identify
 p - 2 scrolls of teleportation
 q - a scroll of noise
 C - a scroll of silence {unknown}
Potions
 b - a potion of degeneration {unknown}
 d - a potion of resistance {unknown}
 h - a potion of flight {unknown}
 i - a potion of mutation {unknown}
 k - 2 potions of attraction {unknown}
 s - a potion of heal wounds {unknown}
 t - a potion of haste {unknown}
 B - a potion of invisibility {unknown}


   Skills:
 + Level 1.0 Fighting
 + Level 2.0 Armour
 + Level 2.9 Dodging
 + Level 2.3 Stealth
 + Level 7.6 Spellcasting


You had 5 spell levels left.
You knew the following spells:

 Your Spells              Type           Power      Damage    Failure   Level
a - Freeze                Ice            100%       1d11      1%          1
b - Frozen Ramparts       Ice            72%        1d9       1%          3
c - Ozocubu's Armour      Ice            36%        N/A       1%          3
d - Hailstorm             Conj/Ice       36%        3d9       6%          4
e - Magic Dart            Conj           100%       1d8       1%          1
f - Poisonous Vapours     Pois/Air       72%        N/A       1%          2
g - Call Canine Familiar  Summ           36%        N/A       1%          3
Your spell library was empty.

Dungeon Overview and Level Annotations

Branches:
Dungeon (7/15)             Temple (0/1) D:4

Altars:
Elyvilon
Gozag
Hepliaklqana
Xom

Shops:
D:4 ?


Innate Abilities, Weirdness & Mutations

You are immune to sickness and miasma.
You are immune to poison.
Your flesh is very heat resistant. (rF++)
You are vulnerable to cold. (rC-)
You float through the air rather than walking.
You learn spells naturally, not from books.
Your magical power is your life essence.
You have superior vitality. (+4 MHP)


Message History

You hear the roar of battle.
There is an entrance to a bailey on this level.
Hurry and find it before the portal closes forever!
There is a stone staircase leading up here.
As you read the scroll of magic mapping, it crumbles to dust.
You feel aware of your surroundings.
You sensed 2 shops/portals.
You fly upwards.
There is a stone staircase leading down here.
There is a stone staircase leading down here.
You fly downwards.
You hear the roar of battle.
There is an entrance to a bailey on this level.
Hurry and find it before the portal closes forever!
The gnoll sergeant shouts!
The gnoll shouts! x3
The gnoll throws a throwing net.
The throwing net completely misses you. The gnoll barely misses you.
Found a throwing net.
There is a stone staircase leading up here.
The gnoll sergeant barely misses you.
The gnoll throws a throwing net.
The throwing net hits you.
You become entangled in the net!
You stop ascending the stairs.
The gnoll hits you with a +0 halberd!
The gnoll hits you from afar with a +0 halberd!
Casting: Poisonous Vapours (safe; 1% risk of failure)
Confirm with . or Enter, or press ? or * to list all spells.
Casting: Frozen Ramparts (safe; 1% risk of failure)
Press: ? - help, Dir - look around, f - activate A stone staircase leading up.
Okay, then.
As you read the scroll of teleportation, it crumbles to dust.
You feel strangely unstable.
The gnoll sergeant hits you from afar with a +0 trident.
The gnoll completely misses you.
The gnoll hits you from afar with a +0 halberd!
You are too injured to fight recklessly!
You struggle against the net.
The gnoll sergeant hits you from afar with a +0 trident!
The gnoll hits you with a +0 halberd!
* * * LOW HITPOINT WARNING * * *
The gnoll hits you from afar with a +0 halberd.
* * * LOW HITPOINT WARNING * * *
You struggle against the net.
The gnoll hits you with a +0 club.
You die...

,,,*,,,,*
*,,,,,,,,,**,,***,***
,,,*,,,,*
*......,,,*******,***
,,,*,,,,*
*#....#*,,,*,,,,,,,,*
,,,*,,,,*
##....##,,,*,,,,,,,,*
,,,*,,,,*
#......+,,,*,,,,,,,,*
,,,*,,,,*
#......*,,,*,,,,,,,,*
****,,,,*
*#.g..#*,,***********
****** ##.g.(#****
*,,, #.g.@.#*,,**
*,,, #...g..#,,,*
*,,, ####..##,,,*
*,,, #..#*,,** *,,,
#..#**+** ****
#...,,,,* #...,,,,*
#####****


You could see a gnoll sergeant and 3 gnolls.

Vanquished Creatures
  2 sky beasts (D:6)
  A necrophage (D:6)
  A centaur (D:6)
  A wyvern zombie (D:6)
  A howler monkey (D:6)
  2 hounds (D:5)
  6 orc priests
  A jelly (D:6)
  A bullfrog skeleton (D:6)
  2 iguanas (D:5)
  2 orc wizards (D:4)
  A hound skeleton (D:4)
  7 adders
  4 gnolls (D:4)
  A white imp (D:6)
  2 ufetubi (D:4)
  3 dart slugs
  13 orcs
  5 ball pythons
  9 endoplasms
  3 giant cockroaches
  10 goblins
  13 hobgoblins
  7 jackals
  5 kobolds
  4 quokkas
  6 bats
  5 frilled lizards
  4 rats
122 creatures vanquished.

Vanquished Creatures (collateral kills)
  An ice beast (D:6)
  A white imp (D:5)
  A jackal (D:4)
3 creatures vanquished.

Grand Total: 125 creatures vanquished

Notes
Turn   | Place    | Note
-------+----------+-------------------------------------------
     0 | D:1      | 101zpm the Djinni Ice Elementalist began the quest for the
                  | Orb.
     0 | D:1      | Reached XP level 1. HP: 15/15 MP: 0/0
   294 | D:1      | Reached XP level 2. HP: 19/21 MP: 0/0
   706 | D:1      | Reached XP level 3. HP: 20/25 MP: 0/0
   706 | D:1      | Learned a level 1 spell: Magic Dart
  1240 | D:1      | Found a faded altar of an unknown god.
  1240 | D:1      | Noticed a shining eye
  1244 | D:1      | Noticed a great orb of eyes
  1244 | D:1      | Noticed a floating eye
  1244 | D:1      | Noticed a floating eye
  1487 | D:2      | Reached skill level 4 in Spellcasting
  2364 | D:2      | Reached XP level 4. HP: 25/31 MP: 0/0
  3564 | D:3      | Found an opulent altar of Gozag.
  3586 | D:3      | Reached XP level 5. HP: 31/36 MP: 0/0
  3586 | D:3      | Learned a level 2 spell: Poisonous Vapours
  4437 | D:4      | Reached skill level 5 in Spellcasting
  4524 | D:4      | Reached XP level 6. HP: 21/41 MP: 0/0
  4736 | D:4      | Reached skill level 1 in Fighting
  5155 | D:4      | Found Iwyethrecyumm's Magic Scroll Shoppe.
  5163 | D:4      | Bought a scroll of identify for 24 gold pieces
  5163 | D:4      | Bought a scroll of teleportation for 36 gold pieces
  5163 | D:4      | Bought a scroll of noise for 12 gold pieces
  5177 | D:4      | Found a staircase to the Ecumenical Temple.
  5201 | D:4      | Reached XP level 7. HP: 10/47 MP: 0/0
  5201 | D:4      | Learned a level 3 spell: Call Canine Familiar
  6321 | D:4      | Bought a scroll of magic mapping for 42 gold pieces
  6751 | D:5      | Entered Level 5 of the Dungeon
  6943 | D:5      | Reached skill level 6 in Spellcasting
  7356 | D:5      | Found a shimmering altar of Xom.
  7357 | D:5      | Found a hazy altar of Hepliaklqana.
  7358 | D:5      | Noticed a spectral ugly thing
  7865 | D:6      | Found a white marble altar of Elyvilon.
  8491 | D:6      | Reached XP level 8. HP: 28/52 MP: 0/0
  8689 | D:6      | Reached skill level 1 in Armour
  8904 | D:6      | Reached skill level 7 in Spellcasting
  9747 | D:7      | HP: 2/52 [gnoll/+0 halberd (4)]
  9748 | D:7      | Slain by a gnoll

Illustrated notes

Levels and vault maps discovered:
D:1:      minmay_arrival_solitary_statue, layout_basic,
          hellmonk_ecumenical_altar_watching_god, minivault_4
D:2:      layout_basic
D:3:      layout_basic, mainiacjoe_overflow_concentric_impassable,
          kennysheep_cluttered_room, ebering_dispersal_statue_hall,
          patterned_corridor
D:4:      layout_basic, temple_fountains, serial_shops, shop
D:5:      layout_gridville, regret_index_temple_of_mockery, nicolae_sextant
D:6:      layout_cave_pools, mainiacjoe_overflow_tiny_flanked,
          lemuel_old_faithful
D:7:      layout_gridville, enter_bailey_5, serial_shops, shop

Skill      XL: |  1  2  3  4  5  6  7  8 |
---------------+-------------------------+-----
Spellcasting   | 4 5 6 7 |  7.6
Stealth        | 2 |  2.3
Fighting       | 1 |  1.0
Armour         | 2 |  2.0
Dodging        | |  2.9

Action                   |  1- 3 |  4- 6 |  7- 9 || total
-------------------------+-------+-------+-------++-------
Melee: Unarmed           |     2 |     1 |       ||     3
 Cast: Freeze            |    66 |    36 |       ||   102
       Magic Dart        |       |    18 |    88 ||   106
       Poisonous Vapours |       |    28 |    12 ||    40
       Frozen Ramparts   |       |     8 |    21 ||    29
       Ozocubu's Armour  |       |     2 |     4 ||     6
       Call Canine Famil |       |       |    12 ||    12
  Use: Scroll            |       |       |     2 ||     2
Armor: Robe              |     3 |    12 |       ||    15
       Leather armour    |       |       |    11 ||    11
Dodge: Dodged            |    36 |    32 |    15 ||    83
